 Dungeon Crawl Stone Soup version 0.29.1-14-g9c671dbff4 (webtiles) character file.

Game seed: 6101496613092686003

2385 Sanktem7 the Fighter (level 9, -8/85 HPs)
             Began as a Minotaur Fighter on Feb 20, 2023.
             Was a Priest of Okawaru.
             Mangled by an orc warlord
             ... wielding a +4 broad axe
              (26 damage)
             ... in a bailey.
             The game lasted 00:13:58 (6811 turns).

Sanktem7 the Fighter (Minotaur Fighter)             Turns: 6811, Time: 00:13:58

Health: -8/85      AC: 15    Str: 24    XL:     9   Next: 22%
Magic:  8/8        EV: 11    Int: 11    God:    Okawaru [***...]
Gold:   326        SH:  9    Dex: 11    Spells: 8/8 levels left

rFire   . . .      SeeInvis .   a - +1 war axe {axe}
rCold   . . .      Faith    .   c - +0 buckler
rNeg    . . .      Spirit   .   e - +0 chain mail
rPois   .          Reflect  +   (helmet restricted)
rElec   .          Harm     .   l - +2 cloak
rCorr   .          Rampage  .   s - +0 pair of gloves
Will    .....                   w - +0 pair of boots
Stlth   ..........              G - amulet of reflection
HPRegen 0.24/turn               u - +4 ring of evasion
MPRegen 0.11/turn               y - +6 ring of intelligence

@: no status effects
A: horns 2, retaliatory headbutt
a: Renounce Religion, Heroism


You were in a bailey.
You worshipped Okawaru.
Okawaru was most pleased with you.
You visited 1 branch of the dungeon, and saw 7 of its levels.
You also visited: Sewer and Bailey.

You collected 326 gold pieces.


Innate Abilities, Weirdness & Mutations

You have a pair of horns on your head.
You reflexively headbutt those who attack you in melee.


   Skills:
 * Level 10.1 Fighting
 * Level 9.8 Axes
 + Level 3.3 Throwing
 - Level 6.0 Armour
 - Level 3.6 Shields


You had 8 spell levels left.
You didn't know any spells.
Your spell library contained the following spells:

 Spells                   Type           Power      Damage    Failure   Level
 Apportation              Tloc           0%         N/A       96%         1
 Freeze                   Ice            0%         1d3       96%         1
 Necrotise                Necr           0%         1d4       96%         1
 Summon Small Mammal      Summ           Unusable   N/A       N/A         1

Inventory:

Hand Weapons
 a - a +1 war axe (weapon) {axe}
 E - a +2 flail of holy wrath {mace}
   (You took it off Edmund on level 6 of the Dungeon)
Missiles
 b - a throwing net {=f!fthrowing}
 h - 79 stones (quivered) {throwing}
 q - 42 poisoned darts {throwing}
 r - 5 atropa-tipped darts {throwing}
 H - 18 boomerangs {throwing}
Armour
 c - a +0 buckler (worn)
 e - a +0 chain mail (worn)
   (You found it on level 5 of the Dungeon)
 l - a +2 cloak (worn)
   (You found it on level 2 of the Dungeon)
 s - a +0 pair of gloves (worn)
   (You found it on level 4 of the Dungeon)
 w - a +0 pair of boots (worn)
   (You found it on level 3 of the Dungeon)
Jewellery
 u - a +4 ring of evasion (left hand)
   (You found it on level 3 of the Dungeon)
 y - a +6 ring of intelligence (right hand)
   (You found it on level 3 of the Dungeon)
 G - an amulet of reflection (around neck)
   (You found it on level 7 of the Dungeon)
Wands
 B - a wand of digging (7)
   (You found it on level 4 of the Dungeon)
Scrolls
 f - 3 scrolls of fear
 g - 4 scrolls of immolation {!r!r}
 i - 2 scrolls of noise {!r}
 j - 3 scrolls of teleportation {@r4}
 k - 5 scrolls of fog
 m - 3 scrolls of amnesia
Potions
 d - 3 potions of might
 n - 2 potions of curing {@q1}
 o - 2 potions of berserk rage {!q}
 t - a potion of mutation {!q}
 v - 3 potions of heal wounds {@q2}
 z - a potion of lignification {unknown}
 A - 4 potions of brilliance
 C - a potion of degeneration {unknown}
 D - a potion of haste {@q3}
 I - a potion of magic {unknown}
 J - a potion of resistance {unknown}
 K - a potion of cancellation {unknown}

Dungeon Overview and Level Annotations

Branches:
Dungeon (7/15) Zot: 26888  Temple (0/1) D:6           Sewer (visited)
 Bailey (1/1) Zot: 5553

Altars:
Dithmenos
Fedhas
Makhleb
Okawaru
Xom

Annotations:
D:3 3 runed translucent doors, fitz's ghost, amateur HOFi

#...##~8.8...8.8##..
#...'~~.........#...
#...'~~....∩....#...
#...'~~.........#...
#...##~8.8...8.8##.÷
##....#~........!~#..
##.....#~~#~.....)~#..
##....o)####~~~#~~~##..
#...8.@....#########...
#..........)..)..'....8
#..........#)~)÷~#.....
##..8..8...#~~~~~#.....
##.......##~~~~~##...8
##.....##.......##...
##...##.........##..
#####♣♣♣.....♣♣♣###
♣♣♣∩♣♣♣


You could see an orc warlord.


Message History

Your hp is fully restored (85).
K - a bubbling grey potion You now have 326 gold pieces (gained 18).
There is an open door, spattered with blood here.
Things that are here:
a +0 war axe {axe}; a +0 chain mail
Items here: )) [[.
You enter the shallow water.
Moving in this stuff is going to be slow.
H - 17 boomerangs {throwing} (gained 2)
You see here a kobold corpse.
There is an open door, spattered with blood here.
Things that are here:
a +0 war axe {axe}; a +0 chain mail The orc warlord shouts!
v - 3 potions of heal wounds {@q2} (gained 1)
A - 4 cyan potions (gained 1)
There is an open door here.
You enter the shallow water.
Moving in this stuff is going to be slow.
There is an open door here.
A kobold comes into view.
You drop a +1 short sword of venom {short}.
The kobold shouts!
You don't know any spells.
As you read the scroll of identify {@r1}, it crumbles to dust.
A - 4 potions of brilliance The kobold throws a boomerang.
The boomerang hits you but does no damage.
Okay, then.
The kobold throws a boomerang.
The boomerang hits you but does no damage.
You block the kobold's attack.
You closely miss the kobold. You block the kobold's attack.
You closely miss the kobold. Your headbutt misses the kobold.
The kobold hits you but does no damage.
You slash the kobold!
You kill the kobold!
Okawaru accepts your kill.
No target in view!
No target in view!
No target in view!
No target in view!
No target in view!
No target in view!
No target in view!
No target in view!
No target in view!
No target in view!
No target in view!
No target in view!
H - 18 boomerangs {throwing} (gained 1)
There is an open door, spattered with blood here.
Things that are here:
a +0 war axe {axe}; a +0 chain mail
Items here: )) [[.
There is an open door here.
Items here: )) [[ ÷÷÷.
There is an open gate here.
There is an empty arch of ancient stone here.
Key pressed, stopping explore.
As you read the scroll of enchant armour, it crumbles to dust.
Your +1 cloak glows green for a moment.
There is an open gate here.
Items here: )) [[ ÷÷÷.
There is an open door here.
Items here: )) [[.
There is an open door, spattered with blood here.
Things that are here:
a +0 war axe {axe}; a +0 chain mail You see here a +1 short sword of venom {short}.
You open the gate. You hit the orc warlord. You block the orc warlord's attack.
You hit the orc warlord.
The orc warlord hits you with a +4 broad axe!! 😕 HP[-19]
You take 19 damage, and now have 66/85 hp.
MASSIVE DAMAGE!! (PAUSE)
You hit the orc warlord but do no damage.
You headbutt the orc warlord.
The orc warlord hits you with a +4 broad axe! 😮 HP[-13]
You take 13 damage, and now have 53/85 hp.
You hit the orc warlord. You headbutt the orc warlord!
The orc warlord hits you with a +4 broad axe!!
* * * LOW HITPOINT WARNING * * *
😨 HP[-23]
You take 23 damage, and now have 30/85 hp.
MASSIVE DAMAGE!! (PAUSE)
You hit the orc warlord but do no damage.
The orc warlord hits you with a +4 broad axe!
* * * LOW HITPOINT WARNING * * *
😱 HP[-13]
You take 13 damage, and now have 17/85 hp.
The orc warlord attacks as you move away!
You block the orc warlord's attack. 😱 HP[+1]
The orc warlord attacks as you move away!
The orc warlord hits you with a +4 broad axe!!
You die...

Skill      XL: |  1  2  3  4  5  6  7  8  9 |
---------------+----------------------------+-----
Fighting       | 4 5 6 8 9 10 | 10.1
Axes           | 3 4 5 6 7 9 |  9.8
Armour         | 4 5 6 |  6.0
Throwing       | 2 3 |  3.3
Shields        | |  3.6

Action                   |  1- 3 |  4- 6 |  7- 9 || total
-------------------------+-------+-------+-------++-------
Melee: War axe           |    62 |    97 |   286 ||   445
       Headbutt          |     9 |    12 |    42 ||    63
  Use: Scroll            |       |    10 |     6 ||    16
       Potion            |       |       |     1 ||     1
Armor: Scale mail        |    35 |    50 |    13 ||    98
       Chain mail        |       |       |   116 ||   116
Dodge: Dodged            |    33 |    66 |   138 ||   237
Block: Buckler           |    13 |    28 |    85 ||   126
       Reflection        |       |       |     3 ||     3

Levels and vault maps discovered:
D:1:      nzn_arrival_crosshair, layout_basic, serial_bayou_crossing
D:2:      layout_loops_ring, shapermc_ecumenical_altar_rom_forum
D:3:      layout_rooms, chequers_temple_overflow_statue_of_worship,
          gammafunk_ghost_icy, uniq_robin, uniq_jessica
D:4:      minmay_bubble_buster, layout_cave_pools,
          nicolae_dithmenos_through_a_glass_darkly, bloody_makhleb,
          chequers_mini_garden
D:5:      layout_loops_ring, portal_sewer_entry_e, grunt_ministairs_9
D:6:      layout_loops_corners, minmay_temple_entry_gardened_gates,
          grunt_ministairs_14, uniq_edmund
D:7:      layout_gridville, nemelex_dance_club_becter, enter_bailey_5
Bailey:   bailey_axe_bossmonster_kennysheep, bailey

Notes
Turn   | Place    | Note
-------+----------+-------------------------------------------
     0 | D:1      | Sanktem7 the Minotaur Fighter began the quest for the Orb.
     0 | D:1      | Reached XP level 1. HP: 19/19 MP: 0/0
     0 | D:1      | magus.rc [v1.9.6]
    35 | D:1      | You pick up a book of Cantrips and begin reading...
    35 | D:1      | You add the spells Necrotise, Summon Small Mammal and
                  | Apportation to your library.
   144 | D:1      | Reached XP level 2. HP: 21/27 MP: 1/1
   214 | D:1      | Reached skill level 4 in Fighting
   217 | D:1      | Reached skill level 3 in Axes
   884 | D:2      | Reached XP level 3. HP: 33/33 MP: 2/2
   892 | D:2      | Reached skill level 4 in Armour
   977 | D:2      | Found a faded altar of an unknown god.
   983 | D:2      | Got Plato's Guide on Congelation
  1527 | D:3      | Noticed Robin
  1534 | D:3      | Killed Robin
  1542 | D:3      | Reached XP level 4. HP: 38/41 MP: 3/3
  1551 | D:3      | Reached skill level 4 in Axes
  1707 | D:3      | Found a blossoming altar of Fedhas.
  1709 | D:3      | Found a shimmering altar of Xom.
  1709 | D:3      | Found an iron altar of Okawaru.
  1717 | D:3      | Became a worshipper of Warmaster Okawaru
  1772 | D:3      | Reached skill level 5 in Fighting
  2124 | D:3      | Noticed fitz's ghost (amateur HOFi)
  2133 | D:3      | Noticed Jessica
  2143 | D:3      | Killed Jessica
  2144 | D:3      | Reached XP level 5. HP: 33/48 MP: 4/4
  2245 | D:3      | Found a runed translucent gate.
  2245 | D:3      | Found a runed translucent gate.
  2245 | D:3      | Found a runed translucent gate.
  2417 | D:4      | Found a shadowy altar of Dithmenos.
  2616 | D:4      | Found a burning altar of Makhleb.
  2907 | D:4      | Reached skill level 5 in Axes
  2952 | D:4      | Noticed a phantom
  2967 | D:4      | Killed a phantom
  2967 | D:4      | Reached * piety under Okawaru
  2968 | D:4      | Reached skill level 6 in Fighting
  2968 | D:4      | Reached XP level 6. HP: 54/57 MP: 5/5
  2988 | D:4      | Reached skill level 5 in Armour
  3214 | D:5      | Entered Level 5 of the Dungeon
  3225 | D:5      | Reached skill level 6 in Axes
  3229 | D:5      | Reached XP level 7. HP: 49/64 MP: 6/6
  3307 | D:5      | Reached skill level 7 in Fighting
  3414 | D:5      | Found a glowing drain.
  3436 | Sewer    | Entered a sewer
  3649 | Sewer    | Reached ** piety under Okawaru
  3650 | Sewer    | Reached skill level 7 in Axes
  3818 | Sewer    | Reached skill level 6 in Armour
  4333 | D:5      | You pick up a book of Cantrips and begin reading...
  4375 | D:5      | Reached skill level 8 in Fighting
  4375 | D:5      | Reached XP level 8. HP: 74/74 MP: 7/7
  4966 | D:6      | Reached skill level 1 in Throwing
  5022 | D:6      | HP: 7/75 [ogre/+0 giant club (19)]
  5025 | D:6      | Reached skill level 8 in Axes
  5334 | D:6      | Found a staircase to the Ecumenical Temple.
  5404 | D:6      | Reached skill level 9 in Fighting
  5404 | D:6      | Reached skill level 2 in Throwing
  5930 | D:6      | Reached skill level 9 in Axes
  5963 | D:6      | Noticed Edmund
  5973 | D:6      | Killed Edmund
  5973 | D:6      | Reached *** piety under Okawaru
  6346 | D:7      | Found a flagged portal.
  6357 | D:7      | Reached XP level 9. HP: 84/85 MP: 8/8
  6370 | D:7      | Reached skill level 3 in Throwing
  6373 | Bailey   | Entered a bailey
  6380 | Bailey   | Noticed an orc warlord
  6529 | Bailey   | Reached skill level 10 in Fighting
  6668 | Bailey   | Found a runed translucent gate.
  6671 | Bailey   | Found a runed translucent gate.
  6696 | Bailey   | Found a runed translucent gate.
  6806 | Bailey   | HP: 17/85 [orc warlord/+4 broad axe (13)]
  6811 | Bailey   | Mangled by an orc warlord

Vanquished Creatures
  Edmund (D:6)
  An ice beast (D:6)
  3 orc warriors (Bailey)
  An ogre (D:6)
  4 centaurs
  2 phantoms
  3 kobold brigands
  2 bullfrogs
  2 necrophages
  4 scorpions
  A howler monkey (D:4)
  A gnoll bouda (D:5)
  2 jellies
  Jessica (D:3)
  An orc wizard (D:4)
  3 iguanas
  Robin (D:3)
  4 gnolls
  16 adders
  4 river rats (Sewer)
  A white imp (D:7)
  An ufetubus (D:4)
  2 worms
  2 dart slugs (D:3)
  13 orcs
  9 ball pythons
  10 endoplasms
  5 giant cockroaches
  22 goblins
  13 hobgoblins
  7 jackals
  33 kobolds
  3 quokkas
  4 bats
  3 frilled lizards
  8 rats
193 creatures vanquished.

Vanquished Creatures (others)
  13 plants (Sewer)
13 creatures vanquished.

Grand Total: 206 creatures vanquished

Table legend:
 A = Non-vault XP
 B = Vault XP
 C = Vault XP percentage of total XP
 D = Non-vault monster count
 E = Vault monster count
 F = Vault count percentage of total count
                 A         B        C        D         E       F
            +---------+---------+-------+---------+---------+-------
      Total |    1812 |    1596 |  46.8 |     108 |      85 |  44.0
            +---------+---------+-------+---------+---------+-------
        D:1 |      37 |       0 |   0.0 |      21 |       0 |   0.0
        D:2 |      32 |       0 |   0.0 |      11 |       0 |   0.0
        D:3 |      64 |      71 |  52.6 |      20 |      13 |  39.4
        D:4 |      75 |     366 |  83.0 |      15 |       9 |  37.5
        D:5 |     537 |      95 |  15.0 |      14 |      10 |  41.7
        D:6 |     880 |     279 |  24.1 |      24 |       3 |  11.1
        D:7 |     187 |       7 |   3.6 |       3 |       4 |  57.1
      Sewer |       0 |     313 | 100.0 |       0 |      19 | 100.0
     Bailey |       0 |     465 | 100.0 |       0 |      27 | 100.0
            +---------+---------+-------+---------+---------+-------

Illustrated notes

Table legend:
 A = Kills in this place as a percentage of kills in entire the game.
 B = Kills by you in this place as a percentage of kills by you in the entire game.
 C = Kills by friends in this place as a percentage of kills by friends in the entire game.
 D = Other kills in this place as a percentage of other kills in the entire game.
 E = Experience gained in this place as a percentage of experience gained in the entire game.
 F = Experience gained in this place divided by the number of levels of this place that you have seen.
                   A       B       C       D       E      F
               +-------+-------+-------+-------+-------+----------------------
         Total | 100.0 | 100.0 |   N/A |   N/A | 100.0 | 378.7
       Dungeon |  76.2 |  76.2 |   N/A |   N/A |  77.2 | 375.7
         Sewer |   9.8 |   9.8 |   N/A |   N/A |   9.2 | 313.0
        Bailey |  14.0 |  14.0 |   N/A |   N/A |  13.6 | 465.0
               +-------+-------+-------+-------+-------+----------------------

Table legend: (Time is in decaauts)
 A = Elapsed time spent in this place.
 B = Non-inter-level travel time spent in this place.
 C = Inter-level travel time spent in this place.
 D = Time resting spent in this place.
 E = Time spent auto-exploring this place.
 F = Levels seen in this place.
 G = Mean time per level.
                   A        B        C        D        E       F      G
               +--------+--------+--------+--------+--------+-----+--------+
         Total |   7037 |   6866 |    171 |      0 |   5455 |   9 |  781.9 |
       Dungeon |   5628 |   5457 |    171 |      0 |   4425 |   7 |  804.0 |
         Sewer |    963 |    963 |      0 |      0 |    735 |   1 |  963.0 |
        Bailey |    446 |    446 |      0 |      0 |    295 |   1 |  446.0 |
               +--------+--------+--------+--------+--------+-----+--------+

Top non-repeatable levels by time:
     D:6: 1338 daAuts
   Sewer: 963 daAuts
     D:5: 910 daAuts
     D:3: 899 daAuts
     D:4: 820 daAuts
     D:2: 774 daAuts
     D:1: 773 daAuts
  Bailey: 446 daAuts
     D:7: 111 daAuts
